 Dungeon Crawl Stone Soup version 0.29.1-15-g9cfb28693d (webtiles) character file.

Game seed: 3508705967614293912

8330 Gabide the Placeless Demigod (level 10, 0/84 HPs)
             Began as a Demigod Warper on Apr 11, 2023.
             Slain by a two-headed ogre
             ... wielding a +0 dire flail
              (31 damage)
             ... on level 10 of the Dungeon.
             The game lasted 00:44:01 (15142 turns).

Gabide the Placeless Demigod (Demigod Warper)      Turns: 15142, Time: 00:44:02

Health: 0/84       AC: 11    Str: 18    XL:     10   Next: 82%
Magic:  22/22      EV: 13    Int: 27    God:
Gold:   481        SH:  0    Dex: 13    Spells: 11/21 levels left

rFire   . . .      SeeInvis .   a - +2 sling
rCold   . . .      Faith    .   (no shield)
rNeg    . . .      Spirit   .   l - +1 ring mail {rPois}
rPois   +          Reflect  .   C - +1 hat
rElec   .          Harm     .   y - +1 cloak {Will+}
rCorr   .          Rampage  .   j - +0 pair of gloves
Will    ++...                   s - +0 pair of boots
Stlth   +.........              h - amulet of magic regeneration
HPRegen 0.24/turn               t - +6 ring of strength
MPRegen 0.58/turn               (no ring)

@: no status effects
A: high MP 1, forlorn, divine attributes
a: no special abilities


You were on level 10 of the Dungeon.
You visited 1 branch of the dungeon, and saw 10 of its levels.

You collected 481 gold pieces.

Inventory:

Hand Weapons
 a - a +2 sling (weapon)
 b - the +11 hammer of Bopirph {vorpal, *Rage Str+2 Dex+2}
   (You found it on level 5 of the Dungeon)

   It inflicts extra damage upon your enemies.
   Str:       It affects your strength (+2).
   Dex:       It affects your dexterity (+2).
   *Rage:     It berserks you when you make melee attacks (+20% chance).
Missiles
 d - 2 boomerangs of dispersal
 m - 13 boomerangs
Armour
 j - a +0 pair of gloves (worn)
 l - a +1 ring mail of poison resistance (worn)
 s - a +0 pair of boots (worn)
 y - a +1 cloak of willpower (worn)
 C - a +1 hat (worn)
Jewellery
 h - an amulet of magic regeneration (around neck)
 o - an amulet of the acrobat
 t - a +6 ring of strength (left hand)
 z - an amulet of regeneration
Wands
 c - a wand of flame (11)
 g - a wand of mindburst (13)
 A - a wand of charming (5)
Scrolls
 e - a scroll of amnesia
 r - 4 scrolls of teleportation
 x - a scroll of blinking
 B - a scroll of poison
Potions
 f - 3 potions of might
 i - 5 potions of mutation
 k - a potion of haste
 n - 3 potions of brilliance
 p - 2 potions of flight
 q - 2 potions of invisibility
 u - 2 potions of attraction
 v - a potion of ambrosia
 w - a potion of heal wounds


   Skills:
 + Level 6.4 Fighting
 - Level 2.0 Polearms
 + Level 6.5 Ranged Weapons
 - Level 1.0 Throwing
 - Level 1.0 Armour
 + Level 6.4 Dodging
 + Level 6.0 Spellcasting
 * Level 9.8 Translocations


You had 11 spell levels left.
You knew the following spells:

 Your Spells              Type           Power      Damage    Failure   Level
a - Blink                 Tloc           100%       N/A       1%          2
b - Teleport Other        Tloc           57%        N/A       1%          3
c - Manifold Assault      Tloc           57%        N/A       5%          5

Your spell library contained the following spells:

 Spells                   Type           Power      Damage    Failure   Level
 Apportation              Tloc           100%       N/A       1%          1
 Gell's Gravitas          Tloc           57%        N/A       1%          3
 Lesser Beckoning         Tloc           57%        N/A       1%          3
 Necrotise                Necr           32%        1d5       12%         1
 Sandblast                Erth           16%        2d6       12%         1
 Shock                    Conj/Air       32%        1d5       12%         1
 Sting                    Tmut/Pois      32%        1d4       12%         1
 Summon Small Mammal      Summ           32%        N/A       12%         1
 Passwall                 Tmut/Erth      6%         N/A       17%         2
 Poisonous Vapours        Pois/Air       16%        N/A       17%         2
 Scorch                   Fire           16%        2d6       17%         2
 Ozocubu's Armour         Ice            8%         N/A       34%         3
 Stone Arrow              Conj/Erth      16%        3d8       34%         3
 Swiftness                Air            8%         N/A       34%         3
 Vampiric Draining        Necr           8%         2d6       34%         3
 Summon Forest            Summ/Tloc      17%        N/A       38%         5
 Airstrike                Air            4%         2d(1-17)  75%         4
 Animate Dead             Necr           8%         N/A       75%         4
 Flame Wave               Conj/Fire      8%         2d5       75%         4
 Olgreb's Toxic Radiance  Pois           8%         N/A       75%         4
 Agony                    Necr           8%         N/A       97%         5
 Alistair's Intoxication  Tmut/Pois      5%         N/A       97%         5
 Summon Cactus Giant      Summ           4%         N/A       100%        6
 Haunt                    Necr/Summ      4%         N/A       100%        7
 Ozocubu's Refrigeration  Ice            4%         4d8       100%        7
 Infestation              Necr           4%         N/A       100%        8


Dungeon Overview and Level Annotations

Branches:
Dungeon (10/15)            Temple (0/1) D:5
   Lair: D:8-11         Orc: D:9-12


Innate Abilities, Weirdness & Mutations

You have an increased reservoir of magic. (+10% MP)
You shall have no god before yourself.
Your divine heritage dramatically boosts your attributes as you level up.


Message History

The orc priest calls upon Beogh to heal the orc warrior.
The orc warrior's wounds heal themselves!
The orc warrior hits you with a +0 flail.
Okay, then.
Unknown command.
Unknown command.
Fire: a) +2 sling
Press: ? - help, Q - select action, (/) - cycle Shift-Dir - straight line, f/p - orc priest
Aim: an orc priest, wielding a +0 hand axe and wearing a +0 leather armour (moderately wounded, 64% to hit)
You shoot a sling bullet. The sling bullet hits the orc priest.
The orc priest is heavily wounded.
The orc priest hits you but does no damage.
The orc warrior misses you.
Fire: a) +2 sling
Press: ? - help, Q - select action, (/) - cycle Shift-Dir - straight line, f - two-headed ogre, p - orc priest
Aim: a two-headed ogre, wielding a +0 dire flail and a +0 giant spiked club (heavily wounded, 77% to hit)
You shoot a sling bullet. The sling bullet hits the orc priest.
The orc priest is almost dead.
The orc priest looks satisfied for a moment.
The orc warrior hits you with a +0 flail!
Unknown command.
Aiming: Bolt of Light
Press: ? - help, Shift-Dir - straight line, f/p - two-headed ogre
Aim: a two-headed ogre, wielding a +0 dire flail and a +0 giant spiked club (heavily wounded, 86% to hit)
The bolt of light hits the orc priest!
You kill the orc priest!
The bolt of light hits the two-headed ogre!
The two-headed ogre is almost dead.
The two-headed ogre is blinded.
The now-empty wand crumbles to dust.
The orc warrior hits you with a +0 flail.
Fire: a) +2 sling
Press: ? - help, Q - select action, (/) - cycle Shift-Dir - straight line, f/p - two-headed ogre
Aim: a two-headed ogre, wielding a +0 dire flail and a +0 giant spiked club (almost dead, blind, 77% to hit)
You shoot a sling bullet.
The sling bullet hits the two-headed ogre.
The two-headed ogre is almost dead.
The orc warrior hits you with a +0 flail!
The two-headed ogre hits you with a +0 dire flail!
The two-headed ogre hits you with a +0 giant spiked club!!
You die...

###...........#. #...
..............#..#...
..............#..#...
........########.####
####....####...#.....
#...###:#...#.....
#)).# #:#._.#.....
#oV.# #:#...#.....
#@O.# #...##....
#...# ##'###....
#...# #<...#....
#...# #....##'#.
#...# #.......#.
#...# #.......#.
#...# #.......#.
#...# ##.......##
...........


You could see a two-headed ogre (blind), a vampire and an orc warrior.

Vanquished Creatures
  Pikel (D:8)
  A kobold demonologist (D:9)
  Prince Ribbit (D:5)
  2 hornets
  Grinder (D:4)
  A vampire (D:9)
  A wraith (D:10)
  15 yaks
  Grum (D:9)
  2 steam dragons
  Menkaure (D:5)
  Edmund (D:6)
  A water moccasin (D:7)
  An ice beast (D:5)
  5 sky beasts
  4 ogres
  3 wolves (D:9)
  A phantom (D:5)
  4 kobold brigands
  2 bullfrogs (D:6)
  3 necrophages
  2 gnoll sergeants
  3 scorpions
  14 wights
  6 killer bees
  2 hounds (D:4)
  4 orc priests
  Crazy Yiuf (D:5)
  An iguana (D:6)
  5 orc wizards
  8 adders
  9 gnolls
  A white imp (D:8)
  An ufetubus (D:5)
  3 worms
  A dart slug (D:2)
  20 orcs
  6 ball pythons
  3 endoplasms
  2 giant cockroaches
  8 hobgoblins
  2 quokkas
  2 bats
  A frilled lizard (D:2)
  8 goblins
  16 kobolds
  5 rats
186 creatures vanquished.

Vanquished Creatures (collateral kills)
  A wight (D:6)
  An iguana (D:6)
  A gnoll (D:6)
  3 kobolds (D:7)
6 creatures vanquished.

Vanquished Creatures (others)
  A wight (D:6)
  A kobold (D:8)
  3 plants
  3 withered plants (D:4)
8 creatures vanquished.

Grand Total: 200 creatures vanquished

Notes
Turn   | Place    | Note
-------+----------+-------------------------------------------
     0 | D:1      | Gabide the Demigod Warper began the quest for the Orb.
     0 | D:1      | Reached XP level 1. HP: 17/17 MP: 5/5
   363 | D:1      | Reached skill level 1 in Throwing
   613 | D:1      | Reached skill level 1 in Armour
  1011 | D:2      | Reached XP level 2. HP: 14/24 MP: 7/7
  1171 | D:2      | Learned a level 2 spell: Blink
  1196 | D:2      | Reached skill level 3 in Translocations
  1386 | D:2      | Reached XP level 3. HP: 29/29 MP: 8/8
  1856 | D:3      | Noticed a scorpion
  1872 | D:3      | Killed a scorpion
  1873 | D:3      | Reached skill level 4 in Translocations
  1873 | D:3      | Reached XP level 4. HP: 23/36 MP: 9/9
  2037 | D:3      | Got Gyah's Directory of the Excursion and Transmigration
  2870 | D:4      | Reached XP level 5. HP: 15/41 MP: 7/10
  3409 | D:4      | Noticed Grinder
  3444 | D:4      | Paralysed by Grinder for 2 turns
  3452 | D:4      | Paralysed by Grinder for 4 turns
  3461 | D:4      | HP: 1/41 [Grinder (6)]
  3489 | D:4      | HP: 1/41 [Grinder (3)]
  3490 | D:4      | Killed Grinder
  3491 | D:4      | Reached XP level 6. HP: 2/50 MP: 12/12
  3842 | D:4      | Learned a level 3 spell: Teleport Other
  4425 | D:4      | Reached skill level 5 in Translocations
  4854 | D:5      | Entered Level 5 of the Dungeon
  5168 | D:5      | Reached XP level 7. HP: 57/57 MP: 7/14
  6097 | D:5      | Found a runed translucent door.
  6100 | D:5      | Noticed Menkaure
  6102 | D:5      | Noticed Crazy Yiuf
  6108 | D:5      | Identified the +11 hammer of Bopirph {vorpal, *Rage Str+2
                  | Dex+2}
  6259 | D:5      | Found a staircase to the Ecumenical Temple.
  6259 | D:5      | Noticed Prince Ribbit
  7192 | D:4      | Reached skill level 6 in Translocations
  7342 | D:5      | Killed Prince Ribbit
  7343 | D:5      | Reached XP level 8. HP: 46/66 MP: 16/16
  7511 | D:5      | Killed Crazy Yiuf
  7514 | D:5      | Killed Menkaure
  8382 | D:6      | Reached skill level 7 in Translocations
  9253 | D:6      | Reached XP level 9. HP: 72/72 MP: 19/19
  9606 | D:6      | Noticed Edmund
  9714 | D:6      | Killed Edmund
  9908 | D:7      | Paralysed by a hornet for 3 turns
  9912 | D:7      | Reached skill level 5 in Fighting
  9912 | D:7      | Reached skill level 5 in Ranged Weapons
  9912 | D:7      | Reached skill level 5 in Dodging
 10164 | D:7      | Reached skill level 8 in Translocations
 10644 | D:7      | Learned a level 5 spell: Manifold Assault
 11050 | D:8      | Noticed Pikel
 11055 | D:8      | Killed Pikel
 11056 | D:8      | Reached skill level 5 in Spellcasting
 11788 | D:8      | Reached XP level 10. HP: 59/80 MP: 11/21
 12663 | D:9      | Reached skill level 9 in Translocations
 13931 | D:9      | Noticed Grum
 13952 | D:9      | Killed Grum
 14115 | D:9      | Paralysed by a hornet for 1 turns
 14813 | D:10     | Entered Level 10 of the Dungeon
 15094 | D:10     | Noticed a two-headed ogre
 15142 | D:10     | Slain by a two-headed ogre

Illustrated notes

Levels and vault maps discovered:
D:1:      elethiomel_arrival_shortcut, layout_basic, wad_floor_pattern_1
D:2:      cheibrodos_old_hovel, layout_rooms, basic_altar,
          dreamdust_ecumenical_altar_grove, corexii_hall_statues_i
D:3:      layout_basic, minmay_pentangle
D:4:      layout_loops_ring, kiku_gazebo_garden_becter, serial_forest,
          infiniplex_forest_straight_4, infiniplex_forest_straight_4,
          infiniplex_forest_zigzag_2, infiniplex_forest_clump_medium,
          infiniplex_forest_lined_corner, infiniplex_forest_straight_1,
          infiniplex_forest_corner_1, infiniplex_forest_split,
          infiniplex_forest_clump_tiny, infiniplex_forest_lined_ring,
          uniq_grinder
D:5:      layout_basic, kennysheep_okawaru_gauntlet, marbit_many_paths,
          mainiacjoe_overflow_brackets, minmay_temple_entry_enclosed_plants,
          dk_noncrumbling_3, uniq_crazy_yiuf_cottage, uniq_prince_ribbit1,
          uniq_menkaure
D:6:      layout_rooms, kennysheep_little_box, uniq_edmund
D:7:      layout_basic
D:8:      layout_cave_pools, hangedman_misty_isle, uniq_pikel
D:9:      layout_basic, mainiacjoe_overflow_swirl, uniq_grum
D:10:     minmay_evil_eye, layout_irregular_city,
          mainiacjoe_overflow_concentric_impassable, lemuel_tele_altar,
          nicolae_sif_muna_little_library, serial_rivers,
          chequers_serial_rivers_micro_c, chequers_serial_rivers_marsh,
          chequers_serial_rivers_small_b, chequers_serial_rivers_room_a

Skill      XL: |  1  2  3  4  5  6  7  8  9 10 |
---------------+-------------------------------+-----
Throwing       | 1 |  1.0
Armour         | 1 |  1.0
Dodging        | 2 3 4 5 6 |  6.4
Fighting       | 2 3 4 5 6 |  6.4
Translocations | 3 4 5 6 7 8 9 |  9.8
Polearms       | 2 |  2.0
Spellcasting   | 2 3 4 5 6 |  6.0
Ranged Weapons | 2 3 4 5 6 |  6.5

Action                   |  1- 3 |  4- 6 |  7- 9 | 10-12 || total
-------------------------+-------+-------+-------+-------++-------
Melee: Spear             |   103 |   125 |       |       ||   228
       Punch             |     1 |     2 |     3 |     1 ||     7
       Glaive            |       |    23 |     1 |       ||    24
       Mace              |       |       |    75 |   104 ||   179
 Fire: Sling             |       |    57 |   565 |   237 ||   859
Throw: Boomerang         |     3 |    21 |     5 |       ||    29
 Cast: Blink             |       |    26 |   245 |    95 ||   366
       Teleport Other    |       |       |     1 |       ||     1
       Manifold Assault  |       |       |     6 |    18 ||    24
Evoke: Wand              |       |       |    29 |     2 ||    31
  Use: Scroll            |     7 |     5 |     9 |     4 ||    25
       Potion            |       |     7 |       |     3 ||    10
 Stab: Sleeping          |     1 |       |       |       ||     1
Armor: Leather armour    |     8 |       |       |       ||     8
       Ring mail         |    26 |    66 |   136 |   104 ||   332
Dodge: Dodged            |    37 |    68 |   225 |   174 ||   504
